AoeStats
← kqlymon

Marketplace

504172751Analyzed
1v1 RM · 27d ago on Sep 4, 2026· 56m 49s· 2 players
Game mode
Random Map
Map size
Tiny (2 player)
Population
200
Speed
Normal
Resources
Standard
Victory
Conquest
Starting age
Dark Age
Ending age
Imperial Age
RankedLock teamsTeams togetherTeam positionsShared explorationLock speedFull tech treeHidden civsTurbo modeCheats
Victory
Defeat
🇦🇺 Khmer · Australia
1101
+16
🇸🇬 Spanish · Singapore
1092
-16
kqlymon
11:21 Loom
13:07 Feudal Age
17:52 Castle Age
16:18 Double-Bit Axe
16:51 Horse Collar
17:57 Gold Mining
19:35 Bow Saw
21:34 Stone Mining
22:47 Town Watch
27:32 Fervor
29:18 Stone Mining
34:14 Padded Archer Armor
34:32 Caravan
35:36 Wheelbarrow
35:55 Murder Holes
36:11 Masonry
38:08 Stone Shaft Mining
37:38 Heavy Plow
38:09 Hand Cart
38:42 Ballistics
41:45 Imperial Age
40:51 Leather Archer Armor
40:26 Fletching
41:22 Masonry
41:09 Murder Holes
41:34 Town Patrol
43:47 Chemistry
43:19 Architecture
42:46 Murder Holes
42:15 Elite Conquistador
43:20 Conscription
43:36 Hoardings
43:04 Inquisition
43:25 Supremacy
45:39 Fortified Wall
49:37 Pikeman
50:06 Halberdier
54:25 Squires
beshySwazza
9:24 Feudal Age
8:26 Loom
10:41 Double-Bit Axe
13:22 Horse Collar
14:49 Forging
14:48 Scale Barding Armor
21:23 Castle Age
20:50 Fletching
21:33 Bloodlines
21:21 Gold Mining
22:39 Bow Saw
24:56 Chain Barding Armor
25:26 Husbandry
29:09 Bodkin Arrow
29:16 Padded Archer Armor
29:00 Elite Skirmisher
30:26 Wheelbarrow
30:50 Leather Archer Armor
31:11 Iron Casting
37:44 Imperial Age
36:12 Ballistics
39:07 Plate Barding Armor
39:24 Hand Cart
38:54 Town Watch
39:58 Fortified Wall
39:46 Murder Holes
41:17 Elite Battle Elephant
45:25 Blast Furnace
44:26 Bracer
44:57 Ring Archer Armor
45:42 Caravan
47:38 Tusk Swords
54:10 Conscription
56:18 Heavy Cavalry Archer
57:24 Parthian Tactics
Connection lost

Rejoining the realm…

Still unreachable

The connection could not be restored.

Session expired

The server has moved on; the page needs a fresh start.